Flyers vs Rangers

Created - 6 novembre 2017 at 07:00

Goals
1 2 3 OT1 SO T
Flyers 0 1 0 0 0 1
Rangers 0 1 0 0 1 2
Shots
1 2 3 OT1 SO T
Flyers 13 10 16 1 3 40
Rangers 13 10 12 3 2 38

1st period

No Goal

Penalties :
No Penalty

2nd period

1. Flyers , Evgeni Malkin 5 (Patrick Kane 4, Vincent Trocheck 4) at 17:22
2. Rangers , Mike Ribeiro 6 (Esa Lindell 5) at 18:57

Penalties :
Justin Williams (NYR) for Tripping (Minor) at 5:04, Shawn Matthias (NYR) for Tripping (Minor) at 13:52

3rd period

No Goal

Penalties :
Henrik Lundqvist (NYR) for Delaying the game (Minor) at 0:19 - Nick Ritchie served the penalty, Brian Flynn (NYR) for Holding (Minor) at 17:44

Overtime #1

No Goal

Penalties :
No Penalty

Shootout

Penalty Shot by Evgeni Malkin for Flyers - Shot Hit the Post
Penalty Shot by Artemi Panarin for Rangers - Goal!
Penalty Shot by Patrick Kane for Flyers - Stopped by Henrik Lundqvist
Penalty Shot by Alexandre Burrows for Rangers - Stopped by Matt Murray
Penalty Shot by Vincent Trocheck for Flyers - Stopped by Henrik Lundqvist

Penalties :
No Penalty

Goalie Stats

Matt Murray (PHI), 37 saves from 38 shots - (0,974), OTL, 5-3-1, 65:00 minutes
Henrik Lundqvist (NYR), 39 saves from 40 shots - (0,975), W, 5-2-4, 65:00 minutes

Players Stats for Flyers

Player Name              G  A  P  +/- PIM S  H  SB GA TA FO     MP     PP MP  PK MP  
------------------------------------------------------------------------------------
Artturi Lehkonen         0  0  0   0  0   2  1  1  0  0  0/1     9:45   0:00   0:00 
Brandon Carlo            0  0  0   1  0   3  3  1  0  2  0/0    20:03   2:47   0:00 
Brendan Perlini          0  0  0   0  0   0  1  0  1  0  0/0     9:35   0:00   0:00 
Calle Jarnkrok           0  0  0  -1  0   0  3  0  0  0  0/0    13:12   0:00   0:00 
Casey Cizikas            0  0  0  -1  0   0  2  0  0  0  0/0    12:20   0:00   0:00 
Charlie Coyle            0  0  0   0  0   3  0  1  0  1  0/0    14:32   0:00   0:00 
Darnell Nurse            0  0  0   0  0   0  0  3  0  0  0/0    12:11   0:00   0:00 
Elias Lindholm           0  0  0  -1  0   4  1  1  0  0  6/13   16:54   3:19   0:00 
Evgeni Malkin            1  0  1   1  0   4  1  1  2  1  18/34  22:03   4:37   0:00 
Filip Forsberg           0  0  0   0  0   3  1  1  0  0  0/1    18:48   3:19   0:00 
Ivan Barbashev           0  0  0   0  0   1  0  0  1  0  0/3     9:35   0:00   0:00 
Justin Faulk             0  0  0  -1  0   1  0  0  0  1  0/0    26:15   5:09   0:00 
Leon Draisaitl           0  0  0   1  0   3  0  0  0  0  0/1    21:47   4:37   0:00 
Michael Matheson         0  0  0   0  0   0  0  0  0  0  0/0     6:44   0:04   0:00 
P.K. Subban              0  0  0  -1  0   1  2  2  1  2  0/0    29:46   5:05   0:00 
Patrick Kane             0  1  1   1  0   7  0  0  1  0  0/0    22:00   4:37   0:00 
TJ Brodie                0  0  0   1  0   4  0  2  0  1  0/0    30:01   2:47   0:00 
Vincent Trocheck         0  1  1   0  0   4  1  1  1  0  8/14   19:28   3:19   0:00 

Players Stats for Rangers

Player Name              G  A  P  +/- PIM S  H  SB GA TA FO     MP     PP MP  PK MP  
------------------------------------------------------------------------------------
Alexandre Burrows        0  0  0  -1  0   1  1  1  0  1  0/0    13:44   0:00   1:49 
Artemi Panarin           0  0  0   0  0   2  1  0  3  0  0/1    18:23   0:00   0:00 
Ben Smith                0  0  0   0  0   1  0  1  0  0  8/15   14:24   0:00   4:29 
Brayden Schenn           0  0  0   0  0   2  1  0  0  1  1/2    19:27   0:00   1:33 
Brian Flynn              0  0  0   0  2   3  1  0  0  0  0/0    13:18   0:00   3:27 
Esa Lindell              0  1  1   0  0   1  0  2  0  1  0/0    20:34   0:00   4:24 
Ian Cole                 0  0  0   0  0   5  1  4  0  1  0/0    20:55   0:00   0:00 
Jason Chimera            0  0  0  -1  0   3  0  1  1  0  1/2    12:23   0:00   0:31 
Jason Spezza             0  0  0   0  0   4  0  0  0  0  9/18   18:14   0:00   0:25 
Justin Williams          0  0  0   1  2   4  1  0  0  0  0/1    15:33   0:00   0:00 
Marc Methot              0  0  0   0  0   0  0  0  0  0  0/0    19:24   0:00   3:32 
Matt Niskanen            0  0  0   0  0   1  0  4  0  1  0/0    18:41   0:00   0:00 
Mike Ribeiro             1  0  1   1  0   2  0  0  1  0  7/12   15:33   0:00   0:00 
Nick Ritchie             0  0  0   1  0   2  2  1  0  0  0/1    15:37   0:00   0:00 
Ron Hainsey              0  0  0   0  0   3  1  2  0  2  0/0    21:37   0:00   3:32 
Shawn Matthias           0  0  0   0  2   1  0  0  2  0  0/1    11:26   0:00   1:50 
Torrey Mitchell          0  0  0  -1  0   1  0  1  1  0  9/14   13:59   0:00   1:48 
Zdeno Chara              0  0  0   0  0   2  4  2  0  0  0/0    23:49   0:00   4:24 

3 Stars

1 - Henrik Lundqvist (NYR)
2 - Matt Murray (PHI)
3 - Mike Ribeiro (NYR)

Power Play

Flyers - 0 on 4 Attempt(s) - 0,00%
Rangers - 0 on 1 Attempt(s) - 0,00%

Penalty Kill

Flyers - 1 on 1 Attempt(s) - 100,00% - Score 0 goal in Penalty Kill
Rangers - 4 on 4 Attempt(s) - 100,00% - Score 0 goal in Penalty Kill

Team Stat

Flyers - Hits : 16 - Faceoff Wins : 32 - Blocked Shots : 14 - Penalty Minutes : 0
Rangers - Hits : 13 - Faceoff Wins : 35 - Blocked Shots : 19 - Penalty Minutes : 8

Official

Referees : Trevor Hanson and Jon Mclsaac
Linesman : Thor Nelson and Brian Murphy

Game Notes

8:20 of 2nd period - Penalty Shot by P.K. Subban for Flyers - Stopped by Henrik Lundqvist

Finance

Level 1 -- Attendance: 5209 (86,82%) -- Ticket Income 520 900 $
Level 2 -- Attendance: 4482 (89,64%) -- Ticket Income 268 920 $
Level 3 -- Attendance: 2000 (100,00%) -- Ticket Income 70 000 $
Level 4 -- Attendance: 3590 (89,75%) -- Ticket Income 71 800 $
Luxury Box -- Attendance: 727 (72,70%) -- Ticket Income 145 400 $
Game was played at the Blue Shirt Stadium.
Total Attendance: 16008 (88,93%)
Total Ticket Income: 1 077 020 $
Other Income: 527 740 $
Total Income: 1 604 760 $

Flyers

5 vs 5 Forward 
   Center                   Left Wing                Right Wing               Time % Phy DF OF 
 1 Evgeni Malkin            Patrick Kane             Leon Draisaitl           33     0   2  3  
 2 Vincent Trocheck         Filip Forsberg           Charlie Coyle            30     0   2  3  
 3 Elias Lindholm           Casey Cizikas            Calle Jarnkrok           27     0   3  2  
 4 Ivan Barbashev           Brendan Perlini          Artturi Lehkonen         10     0   3  2  

5 vs 5 Defense 
   Defense                  Defense                                           Time % Phy DF OF 
 1 P.K. Subban              Justin Faulk                                      37     0   4  1  
 2 TJ Brodie                Brandon Carlo                                     34     0   4  1  
 3 TJ Brodie                Darnell Nurse                                     29     0   4  1  
 4 P.K. Subban              Michael Matheson                                  0      1   2  2  

PowerPlay Forward 
   Center                   Left Wing                Right Wing               Time % Phy DF OF 
 1 Evgeni Malkin            Patrick Kane             Leon Draisaitl           60     0   0  5  
 2 Vincent Trocheck         Filip Forsberg           Elias Lindholm           40     0   0  5  

PowerPlay Defense
   Defense                  Defense                                           Time % Phy DF OF 
 1 P.K. Subban              Justin Faulk                                      60     0   1  4  
 2 TJ Brodie                Brandon Carlo                                     40     0   1  4  

Penalty Kill 4 Players Forward 
   Center                   Wing                     Time % Phy DF OF 
 1 Elias Lindholm           Casey Cizikas            60     0   5  0  
 2 Vincent Trocheck         Calle Jarnkrok           40     0   5  0  

Penalty Kill 4 Players Defense
   Defense                  Defense                  Time % Phy DF OF 
 1 Justin Faulk             Brandon Carlo            60     0   5  0  
 2 TJ Brodie                Michael Matheson         40     0   5  0  

Penalty Kill - 3 Players Forward 
   Forward                                           Time % Phy DF OF 
 1 Casey Cizikas                                     60     0   5  0  
 2 Calle Jarnkrok                                    40     0   5  0  

Penalty Kill - 3 Players Defense
   Defense                  Defense                  Time % Phy DF OF 
 1 Justin Faulk             Brandon Carlo            60     0   5  0  
 2 TJ Brodie                Michael Matheson         40     0   5  0  

4 vs 4 Forward 
   Center                   Wing                     Time % Phy DF OF 
 1 Evgeni Malkin            Patrick Kane             60     0   3  2  
 2 Vincent Trocheck         Leon Draisaitl           40     0   3  2  

4 vs 4 Defense
   Defense                  Defense                  Time % Phy DF OF 
 1 P.K. Subban              Justin Faulk             60     0   4  1  
 2 TJ Brodie                Brandon Carlo            40     0   4  1  

Last Minutes Offensive
   Center                   Left Wing                Right Wing               Defense                  Defense                  
   Evgeni Malkin            Patrick Kane             Vincent Trocheck         P.K. Subban              Justin Faulk             

Last Minutes Defensive
   Center                   Left Wing                Right Wing               Defense                  Defense                  
   Elias Lindholm           Filip Forsberg           Vincent Trocheck         P.K. Subban              Brandon Carlo            

Goaltenders
Starting : Matt Murray              
Backup : Tristan Jarry            

Extra Forwards
Normal : Calle Jarnkrok, Artturi Lehkonen, Charlie Coyle - PP : Elias Lindholm, Charlie Coyle - PK : Artturi Lehkonen
Extra Defensemen
Normal : Michael Matheson, Darnell Nurse, Justin Faulk - PP : Michael Matheson - PK : Darnell Nurse, Justin Faulk
Penalty Shots
Evgeni Malkin, Patrick Kane, Vincent Trocheck, Leon Draisaitl, Filip Forsberg
Custom OT Lines Forwards
Evgeni Malkin, Patrick Kane, Vincent Trocheck, Leon Draisaitl, Filip Forsberg, Elias Lindholm, Calle Jarnkrok, Charlie Coyle, Brendan Perlini, Artturi Lehkonen
Custom OT Lines Defensemen
P.K. Subban, TJ Brodie, Justin Faulk, Michael Matheson, Brandon Carlo

Scratches
Travis Konecny (Healthy), Borna Rendulic (Healthy), Cody Corbett (Healthy), Cole Schneider (Healthy), Daniel Catenacci (Healthy)
Danny Kristo (Healthy)

Rangers

5 vs 5 Forward 
   Center                   Left Wing                Right Wing               Time % Phy DF OF 
 1 Jason Spezza             Artemi Panarin           Brayden Schenn           35     0   2  3  
 2 Mike Ribeiro             Nick Ritchie             Justin Williams          30     0   2  3  
 3 Torrey Mitchell          Jason Chimera            Alexandre Burrows        20     0   3  2  
 4 Ben Smith                Shawn Matthias           Brian Flynn              15     0   4  1  

5 vs 5 Defense 
   Defense                  Defense                                           Time % Phy DF OF 
 1 Zdeno Chara              Matt Niskanen                                     37     1   2  2  
 2 Ron Hainsey              Ian Cole                                          33     1   2  2  
 3 Marc Methot              Esa Lindell                                       30     1   2  2  
 4 Zdeno Chara              Matt Niskanen                                     0      1   2  2  

PowerPlay Forward 
   Center                   Left Wing                Right Wing               Time % Phy DF OF 
 1 Jason Spezza             Artemi Panarin           Brayden Schenn           60     1   2  2  
 2 Mike Ribeiro             Nick Ritchie             Justin Williams          40     1   2  2  

PowerPlay Defense
   Defense                  Defense                                           Time % Phy DF OF 
 1 Matt Niskanen            Ian Cole                                          60     1   2  2  
 2 Ron Hainsey              Esa Lindell                                       40     1   2  2  

Penalty Kill 4 Players Forward 
   Center                   Wing                     Time % Phy DF OF 
 1 Ben Smith                Brian Flynn              60     1   2  2  
 2 Torrey Mitchell          Shawn Matthias           40     1   2  2  

Penalty Kill 4 Players Defense
   Defense                  Defense                  Time % Phy DF OF 
 1 Zdeno Chara              Esa Lindell              60     1   2  2  
 2 Marc Methot              Ron Hainsey              40     1   2  2  

Penalty Kill - 3 Players Forward 
   Forward                                           Time % Phy DF OF 
 1 Ben Smith                                         60     1   2  2  
 2 Torrey Mitchell                                   40     1   2  2  

Penalty Kill - 3 Players Defense
   Defense                  Defense                  Time % Phy DF OF 
 1 Zdeno Chara              Esa Lindell              60     1   2  2  
 2 Marc Methot              Ron Hainsey              40     1   2  2  

4 vs 4 Forward 
   Center                   Wing                     Time % Phy DF OF 
 1 Torrey Mitchell          Jason Chimera            60     1   2  2  
 2 Jason Spezza             Alexandre Burrows        40     1   2  2  

4 vs 4 Defense
   Defense                  Defense                  Time % Phy DF OF 
 1 Matt Niskanen            Ian Cole                 60     1   2  2  
 2 Zdeno Chara              Ron Hainsey              40     1   2  2  

Last Minutes Offensive
   Center                   Left Wing                Right Wing               Defense                  Defense                  
   Jason Spezza             Artemi Panarin           Brayden Schenn           Matt Niskanen            Ian Cole                 

Last Minutes Defensive
   Center                   Left Wing                Right Wing               Defense                  Defense                  
   Ben Smith                Torrey Mitchell          Brian Flynn              Zdeno Chara              Esa Lindell              

Goaltenders
Starting : Henrik Lundqvist         
Backup : Philipp Grubauer         

Extra Forwards
Normal : Torrey Mitchell, Brian Flynn, Nick Ritchie - PP : Jason Chimera, Alexandre Burrows - PK : Shawn Matthias
Extra Defensemen
Normal : Ian Cole, Esa Lindell, Marc Methot - PP : Esa Lindell - PK : Esa Lindell, Ron Hainsey
Penalty Shots
Artemi Panarin, Alexandre Burrows, Jason Spezza, Brian Flynn, Justin Williams
Custom OT Lines Forwards
Ben Smith, Torrey Mitchell, Brian Flynn, Shawn Matthias, Jason Chimera, Alexandre Burrows, Artemi Panarin, Brayden Schenn, Jason Spezza, Nick Ritchie
Custom OT Lines Defensemen
Zdeno Chara, Ian Cole, Ron Hainsey, Esa Lindell, Matt Niskanen

Scratches
Anton Lander (Healthy), Ben Thomson (Healthy), Adam Cracknell (Suspend), Darren Kramer (Healthy), Antoine Laganiere (Healthy)
Darren Archibald (Healthy), Marc-Andre Bergeron (Healthy), Paul Thompson (Healthy), Mike Halmo (Healthy)

% Time on Ice - Flyers

Lines # - Real PCT - Wanted PCT - Time Play
Normal Forward
1 - 30% - 33% - 15:41
2 - 28% - 30% - 14:28
3 - 24% - 27% - 12:20
4 - 18% - 10% - 9:35
Normal Defense
1 - 37% - 37% - 19:25
2 - 33% - 34% - 17:16
3 - 23% - 29% - 12:06
4 - 6% - 0% - 3:17
PP Forward
1 - 58% - 60% - 4:37
2 - 42% - 40% - 3:19
PP Defense
1 - 65% - 60% - 5:09
2 - 35% - 40% - 2:47
PK Forward
1 - 0% - 60%
2 - 0% - 40%
PK Defense
1 - 0% - 60%
2 - 0% - 40%
PK3 Forward
1 - 0% - 60%
2 - 0% - 40%
PK3 Defense
1 - 0% - 60%
2 - 0% - 40%
44 Forward
1 - 0% - 60%
2 - 0% - 40%
44 Defense
1 - 0% - 60%
2 - 0% - 40%
Last Minute Offensive  - 0:00
Last Minute Defensive  - 0:00
Total
Forward - 60:00
Defense - 60:00

% Time on Ice - Rangers

Lines # - Real PCT - Wanted PCT - Time Play
Normal Forward
1 - 34% - 35% - 17:54
2 - 30% - 30% - 15:34
3 - 20% - 20% - 10:26
4 - 16% - 15% - 8:10
Normal Defense
1 - 36% - 37% - 18:47
2 - 35% - 33% - 17:59
3 - 29% - 30% - 15:18
4 - 0% - 0% - 0:00
PP Forward
1 - 0% - 60%
2 - 0% - 40%
PP Defense
1 - 0% - 60%
2 - 0% - 40%
PK Forward
1 - 77% - 60% - 6:08
2 - 23% - 40% - 1:48
PK Defense
1 - 55% - 60% - 4:24
2 - 45% - 40% - 3:32
PK3 Forward
1 - 0% - 60%
2 - 0% - 40%
PK3 Defense
1 - 0% - 60%
2 - 0% - 40%
44 Forward
1 - 0% - 60%
2 - 0% - 40%
44 Defense
1 - 0% - 60%
2 - 0% - 40%
Last Minute Offensive  - 0:00
Last Minute Defensive  - 0:00
Total
Forward - 60:00
Defense - 60:00

Play by Play

1st period


0:01 of 1st period - Brayden Schenn wins face-off versus Evgeni Malkin in neutral zone.
0:16 of 1st period - Snap shot by Patrick Kane.
0:16 of 1st period - Shot Blocked by Zdeno Chara.
0:27 of 1st period - Off-side.
0:28 of 1st period - Vincent Trocheck wins face-off versus Nick Ritchie in neutral zone.
1:01 of 1st period - Wrist shot by Charlie Coyle.
1:01 of 1st period - Stopped by Henrik Lundqvist with a rebound.
1:47 of 1st period - Snap shot by Justin Williams.
1:47 of 1st period - Shot Blocked by Darnell Nurse.
1:49 of 1st period - Slapshot by Ian Cole.
1:49 of 1st period - Shot Misses the Net.
1:51 of 1st period - Wrist shot by Ron Hainsey.
1:51 of 1st period - Stopped by Matt Murray with a rebound.
1:53 of 1st period - Snap shot by Mike Ribeiro.
1:53 of 1st period - Shot Misses the Net.
1:55 of 1st period - Slapshot by Ron Hainsey.
1:55 of 1st period - Shot Blocked by Charlie Coyle.
1:59 of 1st period - Wrist shot by Nick Ritchie.
1:59 of 1st period - Stopped by Matt Murray without a rebound.
2:00 of 1st period - Torrey Mitchell wins face-off versus Elias Lindholm in Flyers zone.
2:05 of 1st period - Wrist shot by Alexandre Burrows.
2:05 of 1st period - Shot Blocked by Elias Lindholm.
2:15 of 1st period - Justin Faulk is hit by Alexandre Burrows and loses puck.
2:33 of 1st period - Off-side.
2:34 of 1st period - Jason Spezza wins face-off versus Ivan Barbashev in neutral zone.
3:17 of 1st period - Brendan Perlini is hit by Artemi Panarin and loses puck.
3:34 of 1st period - P.K. Subban is hit by Zdeno Chara and loses puck.
3:39 of 1st period - Snap shot by Artemi Panarin.
3:39 of 1st period - Shot Misses the Net.
3:41 of 1st period - Slapshot by Ian Cole.
3:41 of 1st period - Shot Blocked by P.K. Subban.
3:55 of 1st period - Snap shot by Brendan Perlini.
3:55 of 1st period - Shot Misses the Net.
5:05 of 1st period - Snap shot by Jason Spezza.
5:05 of 1st period - Stopped by Matt Murray with a rebound.
5:07 of 1st period - Backhand shot by Ron Hainsey.
5:07 of 1st period - Deflect By Jason Spezza.
5:07 of 1st period - Stopped by Matt Murray without a rebound.
5:08 of 1st period - Evgeni Malkin wins face-off versus Ben Smith in Flyers zone.
5:33 of 1st period - Jason Chimera is hit by Casey Cizikas.
6:14 of 1st period - Snap shot by Evgeni Malkin.
6:14 of 1st period - Stopped by Henrik Lundqvist with a rebound.
6:16 of 1st period - Slapshot by TJ Brodie.
6:16 of 1st period - Deflect By Esa Lindell.
6:16 of 1st period - Stopped by Henrik Lundqvist without a rebound.
6:17 of 1st period - Evgeni Malkin wins face-off versus Ben Smith in Rangers zone.
6:18 of 1st period - Snap shot by Patrick Kane.
6:18 of 1st period - Shot Misses the Net.
7:28 of 1st period - Wrist shot by Brian Flynn.
7:28 of 1st period - Shot Blocked by Brandon Carlo.
7:59 of 1st period - Off-side.
8:00 of 1st period - Vincent Trocheck wins face-off versus Ben Smith in neutral zone.
8:49 of 1st period - Wrist shot by Justin Williams.
8:49 of 1st period - Shot Misses the Net.
8:51 of 1st period - Slapshot by Justin Williams.
8:51 of 1st period - Shot Misses the Net.
10:15 of 1st period - Darnell Nurse is hit by Nick Ritchie and loses puck.
10:36 of 1st period - Slapshot by Justin Williams.
10:36 of 1st period - Shot Blocked by Darnell Nurse.
11:11 of 1st period - Artturi Lehkonen is hit by Nick Ritchie and loses puck.
11:33 of 1st period - Off-side.
11:34 of 1st period - Evgeni Malkin wins face-off versus Jason Spezza in neutral zone.
11:39 of 1st period - Wrist shot by Patrick Kane.
11:39 of 1st period - Stopped by Henrik Lundqvist without a rebound.
11:40 of 1st period - Jason Spezza wins face-off versus Evgeni Malkin in Rangers zone.
12:29 of 1st period - Marc Methot is hit by Elias Lindholm and loses puck.
12:36 of 1st period - Slapshot by P.K. Subban.
12:36 of 1st period - Shot Misses the Net.
12:38 of 1st period - Wrist shot by Casey Cizikas.
12:38 of 1st period - Shot Misses the Net.
12:50 of 1st period - Wrist shot by Evgeni Malkin.
12:50 of 1st period - Shot Blocked by Esa Lindell.
12:52 of 1st period - Wrist shot by Patrick Kane.
12:52 of 1st period - Shot Misses the Net.
12:54 of 1st period - Snap shot by Patrick Kane.
12:54 of 1st period - Stopped by Henrik Lundqvist with a rebound.
13:19 of 1st period - Slapshot by Jason Spezza.
13:19 of 1st period - Stopped by Matt Murray with a rebound.
13:21 of 1st period - Snap shot by Jason Spezza.
13:21 of 1st period - Shot Blocked by Vincent Trocheck.
13:37 of 1st period - Snap shot by Artemi Panarin.
13:37 of 1st period - Stopped by Matt Murray without a rebound.
13:38 of 1st period - Evgeni Malkin wins face-off versus Torrey Mitchell in Flyers zone.
14:16 of 1st period - Slapshot by Calle Jarnkrok.
14:16 of 1st period - Shot Blocked by Ian Cole.
14:18 of 1st period - Snap shot by Casey Cizikas.
14:18 of 1st period - Shot Misses the Net.
14:28 of 1st period - Wrist shot by Brian Flynn.
14:28 of 1st period - Stopped by Matt Murray without a rebound.
14:29 of 1st period - Mike Ribeiro wins face-off versus Artturi Lehkonen in Flyers zone.
14:32 of 1st period - Slapshot by Mike Ribeiro.
14:32 of 1st period - Shot Blocked by Darnell Nurse.
14:34 of 1st period - Wrist shot by Nick Ritchie.
14:34 of 1st period - Stopped by Matt Murray with a rebound.
14:36 of 1st period - Snap shot by Matt Niskanen.
14:36 of 1st period - Deflect By Justin Williams.
14:36 of 1st period - Deflect By TJ Brodie.
14:36 of 1st period - Stopped by Matt Murray with a rebound.
14:38 of 1st period - Wrist shot by Justin Williams.
14:38 of 1st period - Shot Blocked by TJ Brodie.
14:40 of 1st period - Slapshot by Matt Niskanen.
14:40 of 1st period - Shot Blocked by Artturi Lehkonen.
14:42 of 1st period - Slapshot by Justin Williams.
14:42 of 1st period - Stopped by Matt Murray with a rebound.
14:44 of 1st period - Slapshot by Zdeno Chara.
14:44 of 1st period - Stopped by Matt Murray with a rebound.
15:48 of 1st period - Matt Niskanen is hit by Calle Jarnkrok.
15:49 of 1st period - Icing by Matt Niskanen.
15:50 of 1st period - Ben Smith wins face-off versus Evgeni Malkin in Rangers zone.
15:59 of 1st period - Slapshot by Shawn Matthias.
15:59 of 1st period - Shot Misses the Net.
16:09 of 1st period - Wrist shot by Brian Flynn.
16:09 of 1st period - Shot Blocked by P.K. Subban.
16:11 of 1st period - Slapshot by Brian Flynn.
16:11 of 1st period - Shot Misses the Net.
16:13 of 1st period - Slapshot by Zdeno Chara.
16:13 of 1st period - Deflect By Brian Flynn.
16:13 of 1st period - Stopped by Matt Murray without a rebound.
16:14 of 1st period - Jason Spezza wins face-off versus Elias Lindholm in Flyers zone.
16:46 of 1st period - Snap shot by Filip Forsberg.
16:46 of 1st period - Stopped by Henrik Lundqvist without a rebound.
16:47 of 1st period - Evgeni Malkin wins face-off versus Torrey Mitchell in Rangers zone.
16:50 of 1st period - Slapshot by Evgeni Malkin.
16:50 of 1st period - Stopped by Henrik Lundqvist with a rebound.
16:52 of 1st period - Snap shot by Leon Draisaitl.
16:52 of 1st period - Stopped by Henrik Lundqvist with a rebound.
16:54 of 1st period - Wrist shot by Leon Draisaitl.
16:54 of 1st period - Shot Misses the Net.
16:56 of 1st period - Backhand shot by P.K. Subban.
16:56 of 1st period - Shot Misses the Net.
16:58 of 1st period - Slapshot by P.K. Subban.
16:58 of 1st period - Shot Blocked by Ron Hainsey.
17:00 of 1st period - Slapshot by Justin Faulk.
17:00 of 1st period - Deflect By Ron Hainsey.
17:00 of 1st period - Stopped by Henrik Lundqvist without a rebound.
17:01 of 1st period - Elias Lindholm wins face-off versus Jason Spezza in Rangers zone.
17:33 of 1st period - Wrist shot by Evgeni Malkin.
17:33 of 1st period - Deflect By Patrick Kane.
17:33 of 1st period - Stopped by Henrik Lundqvist with a rebound.
17:35 of 1st period - Backhand shot by Patrick Kane.
17:35 of 1st period - Stopped by Henrik Lundqvist with a rebound.
17:37 of 1st period - Snap shot by Brandon Carlo.
17:37 of 1st period - Stopped by Henrik Lundqvist without a rebound.
17:38 of 1st period - Jason Spezza wins face-off versus Elias Lindholm in Rangers zone.
18:01 of 1st period - Icing by Zdeno Chara.
18:02 of 1st period - Evgeni Malkin wins face-off versus Mike Ribeiro in Rangers zone.
18:17 of 1st period - Snap shot by Patrick Kane.
18:17 of 1st period - Deflect By Evgeni Malkin.
18:17 of 1st period - Stopped by Henrik Lundqvist with a rebound.
18:19 of 1st period - Snap shot by Leon Draisaitl.
18:19 of 1st period - Shot Blocked by Matt Niskanen.
18:29 of 1st period - Justin Williams is hit by P.K. Subban.
18:32 of 1st period - Off-side.
18:33 of 1st period - Torrey Mitchell wins face-off versus Vincent Trocheck in neutral zone.
18:36 of 1st period - Slapshot by Alexandre Burrows.
18:36 of 1st period - Deflect By Jason Chimera.
18:36 of 1st period - Stopped by Matt Murray without a rebound.
18:37 of 1st period - Torrey Mitchell wins face-off versus Elias Lindholm in Flyers zone.
18:48 of 1st period - Slapshot by TJ Brodie.
18:48 of 1st period - Shot Misses the Net.
19:43 of 1st period - Ben Smith is hit by Casey Cizikas and loses puck.
Goals for this period are 0 for Flyers vs 0 for Rangers.
Shots for this period are 13 for Flyers vs 13 for Rangers.

2nd period


0:01 of 2nd period - Evgeni Malkin wins face-off versus Jason Spezza in neutral zone.
0:31 of 2nd period - Snap shot by Charlie Coyle.
0:31 of 2nd period - Stopped by Henrik Lundqvist with a rebound.
0:33 of 2nd period - Snap shot by Vincent Trocheck.
0:33 of 2nd period - Shot Blocked by Ron Hainsey.
0:35 of 2nd period - Wrist shot by Justin Faulk.
0:35 of 2nd period - Shot Blocked by Ian Cole.
0:45 of 2nd period - Wrist shot by Artemi Panarin.
0:45 of 2nd period - Shot Misses the Net.
0:59 of 2nd period - Backhand shot by Mike Ribeiro.
0:59 of 2nd period - Shot Misses the Net.
1:01 of 2nd period - Slapshot by Ron Hainsey.
1:01 of 2nd period - Shot Blocked by TJ Brodie.
1:03 of 2nd period - Snap shot by Ian Cole.
1:03 of 2nd period - Shot Misses the Net.
1:05 of 2nd period - Slapshot by Ian Cole.
1:05 of 2nd period - Stopped by Matt Murray with a rebound.
1:07 of 2nd period - Backhand shot by Ian Cole.
1:07 of 2nd period - Stopped by Matt Murray without a rebound.
1:08 of 2nd period - Torrey Mitchell wins face-off versus Leon Draisaitl in Flyers zone.
2:00 of 2nd period - Slapshot by Justin Faulk.
2:00 of 2nd period - Shot Blocked by Matt Niskanen.
2:02 of 2nd period - Snap shot by Charlie Coyle.
2:02 of 2nd period - Deflect By Vincent Trocheck.
2:02 of 2nd period - Shot Misses the Net.
2:02 of 2nd period - Puck is out of play.
2:03 of 2nd period - Evgeni Malkin wins face-off versus Artemi Panarin in Rangers zone.
2:06 of 2nd period - Slapshot by Evgeni Malkin.
2:06 of 2nd period - Shot Misses the Net.
3:01 of 2nd period - Wrist shot by Vincent Trocheck.
3:01 of 2nd period - Stopped by Henrik Lundqvist without a rebound.
3:02 of 2nd period - Elias Lindholm wins face-off versus Jason Spezza in Rangers zone.
3:05 of 2nd period - Snap shot by Casey Cizikas.
3:05 of 2nd period - Shot Blocked by Matt Niskanen.
3:07 of 2nd period - Slapshot by Darnell Nurse.
3:07 of 2nd period - Shot Blocked by Matt Niskanen.
3:09 of 2nd period - Slapshot by Darnell Nurse.
3:09 of 2nd period - Shot Blocked by Zdeno Chara.
3:11 of 2nd period - Snap shot by Elias Lindholm.
3:11 of 2nd period - Deflect By Artemi Panarin.
3:11 of 2nd period - Shot Misses the Net.
3:11 of 2nd period - Puck is out of play.
3:12 of 2nd period - Jason Spezza wins face-off versus Elias Lindholm in Rangers zone.
3:33 of 2nd period - Snap shot by Artemi Panarin.
3:33 of 2nd period - Stopped by Matt Murray without a rebound.
3:34 of 2nd period - Evgeni Malkin wins face-off versus Torrey Mitchell in Flyers zone.
3:39 of 2nd period - Wrist shot by Jason Chimera.
3:39 of 2nd period - Shot Misses the Net.
3:58 of 2nd period - Icing by Alexandre Burrows.
3:59 of 2nd period - Jason Spezza wins face-off versus Vincent Trocheck in Rangers zone.
4:26 of 2nd period - Snap shot by Jason Chimera.
4:26 of 2nd period - Stopped by Matt Murray without a rebound.
4:27 of 2nd period - Torrey Mitchell wins face-off versus Evgeni Malkin in Flyers zone.
4:40 of 2nd period - Snap shot by Jason Chimera.
4:40 of 2nd period - Shot Misses the Net.
4:42 of 2nd period - Slapshot by Jason Chimera.
4:42 of 2nd period - Stopped by Matt Murray with a rebound.
5:04 of 2nd period - Minor Penalty to Justin Williams for Tripping.
5:05 of 2nd period - Ben Smith wins face-off versus Evgeni Malkin in Rangers zone.
5:19 of 2nd period - Wrist shot by Evgeni Malkin.
5:19 of 2nd period - Deflect By Patrick Kane.
5:19 of 2nd period - Shot Blocked by Ben Smith.
5:19 of 2nd period - Puck is out of play.
5:20 of 2nd period - Evgeni Malkin wins face-off versus Ben Smith in Rangers zone.
5:33 of 2nd period - Slapshot by Leon Draisaitl.
5:33 of 2nd period - Stopped by Henrik Lundqvist without a rebound.
5:34 of 2nd period - Ben Smith wins face-off versus Evgeni Malkin in Rangers zone.
6:05 of 2nd period - Wrist shot by Vincent Trocheck.
6:05 of 2nd period - Stopped by Henrik Lundqvist without a rebound.
6:06 of 2nd period - Torrey Mitchell wins face-off versus Vincent Trocheck in Rangers zone.
6:35 of 2nd period - Slapshot by Vincent Trocheck.
6:35 of 2nd period - Shot Misses the Net.
6:37 of 2nd period - Slapshot by Brandon Carlo.
6:37 of 2nd period - Stopped by Henrik Lundqvist with a rebound.
7:04 of 2nd period - Penalty to Justin Williams is over, Justin Williams is back on ice.
7:12 of 2nd period - Snap shot by Justin Faulk.
7:12 of 2nd period - Shot Misses the Net.
7:36 of 2nd period - Snap shot by Elias Lindholm.
7:36 of 2nd period - Deflect By Calle Jarnkrok.
7:36 of 2nd period - Shot Blocked by Nick Ritchie.
7:36 of 2nd period - Puck is out of play.
7:37 of 2nd period - Elias Lindholm wins face-off versus Mike Ribeiro in Rangers zone.
7:40 of 2nd period - Snap shot by Elias Lindholm.
7:40 of 2nd period - Deflect By Matt Niskanen.
7:40 of 2nd period - Stopped by Henrik Lundqvist without a rebound.
7:41 of 2nd period - Mike Ribeiro wins face-off versus Evgeni Malkin in Rangers zone.
7:46 of 2nd period - Justin Williams is hit by Brandon Carlo and loses puck.
7:57 of 2nd period - Wrist shot by Mike Ribeiro.
7:57 of 2nd period - Shot Misses the Net.
8:09 of 2nd period - Snap shot by Justin Williams.
8:09 of 2nd period - Shot Blocked by Evgeni Malkin.
8:11 of 2nd period - Slapshot by Matt Niskanen.
8:11 of 2nd period - Stopped by Matt Murray without a rebound.
8:12 of 2nd period - Jason Spezza wins face-off versus Filip Forsberg in Flyers zone.
8:20 of 2nd period - Penalty Shot by P.K. Subban for Flyers.
8:20 of 2nd period - Wrist shot by P.K. Subban.
8:20 of 2nd period - Stopped by Henrik Lundqvist.
8:21 of 2nd period - Vincent Trocheck wins face-off versus Brayden Schenn in Flyers zone.
8:53 of 2nd period - Off-side.
8:54 of 2nd period - Mike Ribeiro wins face-off versus Evgeni Malkin in neutral zone.
9:26 of 2nd period - Wrist shot by Elias Lindholm.
9:26 of 2nd period - Stopped by Henrik Lundqvist with a rebound.
9:28 of 2nd period - Backhand shot by P.K. Subban.
9:28 of 2nd period - Stopped by Henrik Lundqvist without a rebound.
9:29 of 2nd period - Jason Chimera wins face-off versus Vincent Trocheck in Rangers zone.
9:38 of 2nd period - Snap shot by Alexandre Burrows.
9:38 of 2nd period - Shot Misses the Net.
9:40 of 2nd period - Slapshot by Esa Lindell.
9:40 of 2nd period - Stopped by Matt Murray without a rebound.
9:41 of 2nd period - Elias Lindholm wins face-off versus Shawn Matthias in Flyers zone.
9:46 of 2nd period - Slapshot by TJ Brodie.
9:46 of 2nd period - Shot Misses the Net.
10:50 of 2nd period - Icing by Brayden Schenn.
10:51 of 2nd period - Vincent Trocheck wins face-off versus Jason Spezza in Rangers zone.
11:04 of 2nd period - Slapshot by Filip Forsberg.
11:04 of 2nd period - Shot Misses the Net.
11:58 of 2nd period - Esa Lindell is hit by Calle Jarnkrok.
12:06 of 2nd period - Backhand shot by Elias Lindholm.
12:06 of 2nd period - Stopped by Henrik Lundqvist without a rebound.
12:07 of 2nd period - Torrey Mitchell wins face-off versus Vincent Trocheck in Rangers zone.
12:57 of 2nd period - Calle Jarnkrok is hit by Brayden Schenn and loses puck.
13:17 of 2nd period - Off-side.
13:18 of 2nd period - Ben Smith wins face-off versus Ivan Barbashev in neutral zone.
13:52 of 2nd period - Minor Penalty to Shawn Matthias for Tripping.
13:53 of 2nd period - Ben Smith wins face-off versus Evgeni Malkin in Rangers zone.
14:42 of 2nd period - Slapshot by Justin Faulk.
14:42 of 2nd period - Shot Misses the Net.
15:52 of 2nd period - Penalty to Shawn Matthias is over, Shawn Matthias is back on ice.
16:02 of 2nd period - Mike Ribeiro is hit by P.K. Subban and loses puck.
16:09 of 2nd period - Slapshot by Ron Hainsey.
16:09 of 2nd period - Stopped by Matt Murray without a rebound.
16:10 of 2nd period - Elias Lindholm wins face-off versus Jason Spezza in Flyers zone.
17:05 of 2nd period - Ian Cole is hit by Brandon Carlo and loses puck.
17:20 of 2nd period - Snap shot by Patrick Kane.
17:20 of 2nd period - Shot Hit the Post.
17:22 of 2nd period - Snap shot by Evgeni Malkin.
17:22 of 2nd period - Goal by Evgeni Malkin - Flyers : 1 - Rangers : 0.
17:23 of 2nd period - Evgeni Malkin wins face-off versus Justin Williams in neutral zone.
17:57 of 2nd period - Off-side.
17:58 of 2nd period - Torrey Mitchell wins face-off versus Evgeni Malkin in neutral zone.
18:46 of 2nd period - P.K. Subban is hit by Zdeno Chara and loses puck.
18:57 of 2nd period - Wrist shot by Mike Ribeiro.
18:57 of 2nd period - Goal by Mike Ribeiro - Flyers : 1 - Rangers : 1.
18:58 of 2nd period - Jason Spezza wins face-off versus Evgeni Malkin in neutral zone.
19:25 of 2nd period - Brayden Schenn is hit by Calle Jarnkrok.
19:33 of 2nd period - Snap shot by Brayden Schenn.
19:33 of 2nd period - Shot Misses the Net.
19:35 of 2nd period - Slapshot by Esa Lindell.
19:35 of 2nd period - Deflect By Brayden Schenn.
19:35 of 2nd period - Stopped by Matt Murray with a rebound.
Goals for this period are 1 for Flyers vs 1 for Rangers.
Shots for this period are 10 for Flyers vs 10 for Rangers.

3rd period


0:01 of 3rd period - Evgeni Malkin wins face-off versus Mike Ribeiro in neutral zone.
0:04 of 3rd period - Wrist shot by TJ Brodie.
0:04 of 3rd period - Stopped by Henrik Lundqvist without a rebound.
0:05 of 3rd period - Mike Ribeiro wins face-off versus Evgeni Malkin in Rangers zone.
0:10 of 3rd period - Darnell Nurse is hit by Justin Williams and loses puck.
0:19 of 3rd period - Slapshot by TJ Brodie.
0:19 of 3rd period - Stopped by Henrik Lundqvist without a rebound.
0:19 of 3rd period - Minor Penalty to Henrik Lundqvist for Delaying the game.
0:20 of 3rd period - Evgeni Malkin wins face-off versus Ben Smith in Rangers zone.
0:35 of 3rd period - Esa Lindell is hit by Evgeni Malkin and loses puck.
0:54 of 3rd period - Icing by Justin Faulk.
0:55 of 3rd period - Vincent Trocheck wins face-off versus Ben Smith in Flyers zone.
1:38 of 3rd period - Snap shot by Shawn Matthias.
1:38 of 3rd period - Shot Misses the Net.
2:19 of 3rd period - Penalty to Nick Ritchie is over, Nick Ritchie is back on ice.
2:26 of 3rd period - Snap shot by Mike Ribeiro.
2:26 of 3rd period - Deflect By Ivan Barbashev.
2:26 of 3rd period - Stopped by Matt Murray without a rebound.
2:27 of 3rd period - Mike Ribeiro wins face-off versus Ivan Barbashev in Flyers zone.
3:04 of 3rd period - Ian Cole is hit by Artturi Lehkonen and loses puck.
5:49 of 3rd period - Snap shot by Patrick Kane.
5:49 of 3rd period - Deflect By Leon Draisaitl.
5:49 of 3rd period - Shot Misses the Net.
5:49 of 3rd period - Puck is out of play.
5:50 of 3rd period - Evgeni Malkin wins face-off versus Torrey Mitchell in Rangers zone.
5:53 of 3rd period - Wrist shot by Patrick Kane.
5:53 of 3rd period - Stopped by Henrik Lundqvist with a rebound.
6:22 of 3rd period - Snap shot by Elias Lindholm.
6:22 of 3rd period - Shot Blocked by Esa Lindell.
6:24 of 3rd period - Slapshot by Brandon Carlo.
6:24 of 3rd period - Stopped by Henrik Lundqvist without a rebound.
6:25 of 3rd period - Vincent Trocheck wins face-off versus Mike Ribeiro in Rangers zone.
6:28 of 3rd period - Wrist shot by Charlie Coyle.
6:28 of 3rd period - Shot Misses the Net.
6:30 of 3rd period - Slapshot by Justin Faulk.
6:30 of 3rd period - Deflect By Charlie Coyle.
6:30 of 3rd period - Stopped by Henrik Lundqvist with a rebound.
6:40 of 3rd period - Wrist shot by Filip Forsberg.
6:40 of 3rd period - Shot Misses the Net.
7:00 of 3rd period - Snap shot by Brian Flynn.
7:00 of 3rd period - Stopped by Matt Murray with a rebound.
7:02 of 3rd period - Slapshot by Zdeno Chara.
7:02 of 3rd period - Shot Misses the Net.
7:23 of 3rd period - Icing by Calle Jarnkrok.
7:24 of 3rd period - Elias Lindholm wins face-off versus Jason Spezza in Flyers zone.
7:40 of 3rd period - Wrist shot by Brayden Schenn.
7:40 of 3rd period - Deflect By TJ Brodie.
7:40 of 3rd period - Stopped by Matt Murray with a rebound.
7:42 of 3rd period - Snap shot by Ron Hainsey.
7:42 of 3rd period - Stopped by Matt Murray without a rebound.
7:43 of 3rd period - Mike Ribeiro wins face-off versus Vincent Trocheck in Flyers zone.
7:44 of 3rd period - Backhand shot by Justin Williams.
7:44 of 3rd period - Stopped by Matt Murray without a rebound.
7:45 of 3rd period - Vincent Trocheck wins face-off versus Mike Ribeiro in Flyers zone.
8:27 of 3rd period - Slapshot by Filip Forsberg.
8:27 of 3rd period - Stopped by Henrik Lundqvist with a rebound.
8:51 of 3rd period - Icing by TJ Brodie.
8:52 of 3rd period - Vincent Trocheck wins face-off versus Jason Spezza in Flyers zone.
9:07 of 3rd period - Snap shot by Vincent Trocheck.
9:07 of 3rd period - Shot Blocked by Ian Cole.
9:09 of 3rd period - Snap shot by TJ Brodie.
9:09 of 3rd period - Stopped by Henrik Lundqvist with a rebound.
9:33 of 3rd period - Snap shot by Vincent Trocheck.
9:33 of 3rd period - Stopped by Henrik Lundqvist with a rebound.
9:35 of 3rd period - Slapshot by TJ Brodie.
9:35 of 3rd period - Shot Misses the Net.
9:37 of 3rd period - Slapshot by TJ Brodie.
9:37 of 3rd period - Deflect By Vincent Trocheck.
9:37 of 3rd period - Shot Misses the Net.
9:37 of 3rd period - Puck is out of play.
9:38 of 3rd period - Evgeni Malkin wins face-off versus Torrey Mitchell in Rangers zone.
9:41 of 3rd period - Snap shot by Patrick Kane.
9:41 of 3rd period - Stopped by Henrik Lundqvist without a rebound.
9:42 of 3rd period - Torrey Mitchell wins face-off versus Evgeni Malkin in Rangers zone.
9:59 of 3rd period - Snap shot by Patrick Kane.
9:59 of 3rd period - Shot Blocked by Jason Chimera.
10:12 of 3rd period - Off-side.
10:13 of 3rd period - Mike Ribeiro wins face-off versus Elias Lindholm in neutral zone.
10:18 of 3rd period - Snap shot by Justin Williams.
10:18 of 3rd period - Stopped by Matt Murray with a rebound.
10:20 of 3rd period - Slapshot by Nick Ritchie.
10:20 of 3rd period - Shot Misses the Net.
10:22 of 3rd period - Slapshot by Ian Cole.
10:22 of 3rd period - Stopped by Matt Murray without a rebound.
10:23 of 3rd period - Jason Spezza wins face-off versus Evgeni Malkin in Flyers zone.
11:11 of 3rd period - Justin Williams is hit by Brendan Perlini and loses puck.
11:34 of 3rd period - Wrist shot by Shawn Matthias.
11:34 of 3rd period - Shot Misses the Net.
11:36 of 3rd period - Slapshot by Ian Cole.
11:36 of 3rd period - Stopped by Matt Murray with a rebound.
11:38 of 3rd period - Wrist shot by Shawn Matthias.
11:38 of 3rd period - Stopped by Matt Murray with a rebound.
11:40 of 3rd period - Slapshot by Brian Flynn.
11:40 of 3rd period - Deflect By Ben Smith.
11:40 of 3rd period - Shot Blocked by Filip Forsberg.
11:40 of 3rd period - Puck is out of play.
11:41 of 3rd period - Evgeni Malkin wins face-off versus Jason Spezza in Flyers zone.
11:41 of 3rd period - Evgeni Malkin is hit by Zdeno Chara.
12:20 of 3rd period - Snap shot by Justin Williams.
12:20 of 3rd period - Shot Misses the Net.
12:36 of 3rd period - Snap shot by Charlie Coyle.
12:36 of 3rd period - Deflect By Vincent Trocheck.
12:36 of 3rd period - Stopped by Henrik Lundqvist with a rebound.
12:38 of 3rd period - Wrist shot by Charlie Coyle.
12:38 of 3rd period - Shot Blocked by Torrey Mitchell.
12:40 of 3rd period - Wrist shot by Justin Faulk.
12:40 of 3rd period - Deflect By Filip Forsberg.
12:40 of 3rd period - Stopped by Henrik Lundqvist with a rebound.
12:42 of 3rd period - Wrist shot by Charlie Coyle.
12:42 of 3rd period - Shot Blocked by Alexandre Burrows.
12:59 of 3rd period - Snap shot by Ivan Barbashev.
12:59 of 3rd period - Stopped by Henrik Lundqvist with a rebound.
13:01 of 3rd period - Wrist shot by Artturi Lehkonen.
13:01 of 3rd period - Stopped by Henrik Lundqvist with a rebound.
13:17 of 3rd period - Snap shot by Artemi Panarin.
13:17 of 3rd period - Shot Misses the Net.
13:19 of 3rd period - Slapshot by Jason Spezza.
13:19 of 3rd period - Stopped by Matt Murray with a rebound.
13:53 of 3rd period - Charlie Coyle is hit by Brian Flynn and loses puck.
14:02 of 3rd period - Brian Flynn is hit by Vincent Trocheck and loses puck.
14:20 of 3rd period - Wrist shot by Torrey Mitchell.
14:20 of 3rd period - Stopped by Matt Murray with a rebound.
15:16 of 3rd period - Charlie Coyle is hit by Ron Hainsey and loses puck.
15:29 of 3rd period - Brian Flynn is hit by Brandon Carlo and loses puck.
15:42 of 3rd period - Wrist shot by Patrick Kane.
15:42 of 3rd period - Stopped by Henrik Lundqvist with a rebound.
15:44 of 3rd period - Snap shot by Leon Draisaitl.
15:44 of 3rd period - Stopped by Henrik Lundqvist with a rebound.
15:54 of 3rd period - Snap shot by Alexandre Burrows.
15:54 of 3rd period - Stopped by Matt Murray without a rebound.
15:55 of 3rd period - Ben Smith wins face-off versus Elias Lindholm in Flyers zone.
17:13 of 3rd period - Wrist shot by Artturi Lehkonen.
17:13 of 3rd period - Stopped by Henrik Lundqvist with a rebound.
17:44 of 3rd period - Minor Penalty to Brian Flynn for Holding.
17:45 of 3rd period - Evgeni Malkin wins face-off versus Ben Smith in Rangers zone.
18:12 of 3rd period - Esa Lindell is hit by Filip Forsberg and loses puck.
18:19 of 3rd period - Slapshot by Elias Lindholm.
18:19 of 3rd period - Shot Misses the Net.
19:44 of 3rd period - Penalty to Brian Flynn is over, Brian Flynn is back on ice.
Goals for this period are 0 for Flyers vs 0 for Rangers.
Shots for this period are 16 for Flyers vs 12 for Rangers.

Overtime #1


0:01 of 1st overtime period - Ben Smith wins face-off versus Evgeni Malkin in neutral zone.
0:04 of 1st overtime period - Wrist shot by Ben Smith.
0:04 of 1st overtime period - Stopped by Matt Murray without a rebound.
0:05 of 1st overtime period - Ben Smith wins face-off versus Evgeni Malkin in Flyers zone.
0:36 of 1st overtime period - Wrist shot by Shawn Matthias.
0:36 of 1st overtime period - Shot Misses the Net.
0:52 of 1st overtime period - Snap shot by Ian Cole.
0:52 of 1st overtime period - Stopped by Matt Murray without a rebound.
0:53 of 1st overtime period - Evgeni Malkin wins face-off versus Jason Chimera in Flyers zone.
1:16 of 1st overtime period - Slapshot by Zdeno Chara.
1:16 of 1st overtime period - Stopped by Matt Murray with a rebound.
1:24 of 1st overtime period - Wrist shot by Vincent Trocheck.
1:24 of 1st overtime period - Shot Blocked by Ian Cole.
1:34 of 1st overtime period - P.K. Subban is hit by Ian Cole and loses puck.
1:57 of 1st overtime period - Snap shot by Elias Lindholm.
1:57 of 1st overtime period - Stopped by Henrik Lundqvist with a rebound.
4:29 of 1st overtime period - Evgeni Malkin is hit by Zdeno Chara and loses puck.
Goals for this period are 0 for Flyers vs 0 for Rangers.
Shots for this period are 1 for Flyers vs 3 for Rangers.

ShootOut


5:00 of 1st overtime period - Penalty Shot by Evgeni Malkin for Flyers.
5:00 of 1st overtime period - Snap shot by Evgeni Malkin.
5:00 of 1st overtime period - Shot Hit the Post.
5:00 of 1st overtime period - Penalty Shot by Artemi Panarin for Rangers.
5:00 of 1st overtime period - Snap shot by Artemi Panarin.
5:00 of 1st overtime period - Goal by Artemi Panarin.
5:00 of 1st overtime period - Penalty Shot by Patrick Kane for Flyers.
5:00 of 1st overtime period - Wrist shot by Patrick Kane.
5:00 of 1st overtime period - Stopped by Henrik Lundqvist.
5:00 of 1st overtime period - Penalty Shot by Alexandre Burrows for Rangers.
5:00 of 1st overtime period - Deke by Alexandre Burrows.
5:00 of 1st overtime period - Stopped by Matt Murray.
5:00 of 1st overtime period - Penalty Shot by Vincent Trocheck for Flyers.
5:00 of 1st overtime period - Snap shot by Vincent Trocheck.
5:00 of 1st overtime period - Stopped by Henrik Lundqvist.